 Dungeon Sprint DCSS version 0.15-a0-1253-g15b4f57 (webtiles) character file.

361 MDvedh the Severer (level 6, 0/51 HPs)
             Began as a Minotaur Berserker on June 4, 2014.
             Was a Believer of Trog.
             Asphyxiated
             ... in the Dungeon (Sprint I: "Red Sonja").
             The game lasted 00:02:00 (798 turns).

MDvedh the Severer (Minotaur Berserker)              Turns: 798, Time: 00:02:00

HP   0/51        AC  2     Str 24      XL: 6   Next: 38%
MP   3/3         EV 12     Int  4      God: Trog [**....]
Gold 182         SH  0     Dex  9      Spells:  0 memorised,  5 levels left

rFire  . . .     SeeInvis .     a - +0 hand axe
rCold  . . .     Clarity  .     b - +0 animal skin
rNeg   . . .     rCorr    .     (no shield)
rPois  .         rRot     .     (helmet restricted)
rElec  .         Spirit   .     (no cloak)
SustAb .         Warding  .     (no gloves)
rMut   .         NoTele   +     (no boots)
Gourm  .                        (no amulet)
MR     ++...                    (no ring)
                                (no ring)

@: lethally poisoned, exhausted, short of breath, regenerating, slowed, very
slow, very resistant to hostile enchantments, very unstealthy
A: retaliatory headbutt, horns 2
a: Burn Spellbooks, Berserk, Trog's Hand, Renounce Religion


You were in the Dungeon.
You worshipped Trog.
Trog was pleased with you.
You were not hungry.

You visited 1 branch You collected 182 gold pieces.

Inventory:

Hand weapons
 a - a +0,+0 hand axe (weapon)
Armour
 b - a +0 animal skin (worn)
Scrolls
 i - a scroll of blinking
Potions
 d - 2 potions of curing
 f - a potion of haste
 g - 2 potions of magic
 h - a potion of berserk rage
 j - a potion of invisibility


   Skills:
 - Level 3.6 Fighting
 + Level 15.6 Axes
 - Level 2.4 Armour
 - Level 2.1 Dodging


You had 5 spell levels left.
You didn't know any spells.

Dungeon Overview and Level Annotations

Branches:
Dungeon (1/1)

Altars:
Elyvilon
Gozag
Kikubaaqudgha
Makhleb
Nemelex Xobeh
Okawaru
Qazlal
Sif Muna
Trog
Vehumet
Xom
Yredelemnul
Zin
The Shining One

Shops:
D [

Annotations:
D Sonja


Innate Abilities, Weirdness & Mutations

You reflexively headbutt those who attack you in melee.
You have a pair of horns on your head.


Message History

There is an open door here.
You see here 2 curare-tipped needles.
You feel sick.
Sonja shoots a curare-tipped needle.
The curare-tipped needle hits you.
You are more poisoned.
You have difficulty breathing.
You feel as though you will be slow longer.
Sonja shoots a curare-tipped needle.
The curare-tipped needle hits you.
You are lethally poisoned!
You have difficulty breathing.
* * * LOW HITPOINT WARNING * * *
You feel as though you will be slow longer.
There is a radiant altar of Vehumet here.
You see here 2 curare-tipped needles.
* * * LOW HITPOINT WARNING * * *
You feel very sick.
Sonja shoots a curare-tipped needle.
The curare-tipped needle hits you.
You are more poisoned.
You have difficulty breathing.
You die...

################
#<.#..)..#.)'..#
#..'..#..'..#..+
#..#####'#####'#
#..####..#.K.#(#
#..#__####..##.#
#..#_..._##'#..+
#⌠⌠#_.∩...@..._#
####_..._##_.#+#
#_____###(#
####### #.#
+$.$+ #$.$#
##.## #+#


You could see Sonja.

Vanquished Creatures
  A yak (D)
  An ogre (D)
  Sigmund (D)
  A jelly (D)
  Ijyb (D)
5 creatures vanquished.

Notes
Turn   | Place    | Note
--------------------------------------------------------------
     0 | D        | MDvedh, the Minotaur Berserker, began the quest for the Orb.
     0 | D        | Reached XP level 1. HP: 19/19 MP: 1/1
     1 | D        | Noticed Ijyb
    13 | D        | Killed Ijyb
    13 | D        | Reached skill level 7 in Axes
    13 | D        | Reached XP level 2. HP: 9/26 MP: 1/1
   221 | D        | Noticed an ogre
   224 | D        | Killed an ogre
   224 | D        | Reached skill level 11 in Axes
   224 | D        | Reached XP level 3. HP: 31/31 MP: 2/2
   224 | D        | Reached XP level 4. HP: 39/39 MP: 2/2
   308 | D        | Noticed Sigmund
   321 | D        | Killed Sigmund
   321 | D        | Acquired Trog's second power
   321 | D        | Reached skill level 13 in Axes
   321 | D        | Reached XP level 5. HP: 42/45 MP: 2/2
   406 | D        | Found a deep blue altar of Sif Muna.
   407 | D        | Noticed a jelly
   408 | D        | Found a radiant altar of Vehumet.
   413 | D        | Killed a jelly
   586 | D        | Found Thacw's Armour Emporium.
   586 | D        | Found a white marble altar of Elyvilon.
   586 | D        | Found a stormy altar of Qazlal.
   586 | D        | Found a basalt altar of Yredelemnul.
   586 | D        | Found an iron altar of Okawaru.
   586 | D        | Found a sparkling altar of Nemelex Xobeh.
   586 | D        | Found a shimmering altar of Xom.
   586 | D        | Found an ancient bone altar of Kikubaaqudgha.
   586 | D        | Noticed a yak
   599 | D        | Killed a yak
   599 | D        | Reached skill level 15 in Axes
   599 | D        | Reached XP level 6. HP: 20/51 MP: 3/3
   600 | D        | Found a burning altar of Makhleb.
   600 | D        | Found a glowing golden altar of the Shining One.
   600 | D        | Found an opulent altar of Gozag.
   600 | D        | Found a glowing silver altar of Zin.
   601 | D        | Found a bloodstained altar of Trog.
   784 | D        | Noticed Sonja
   798 | D        | Asphyxiated

Action                   |  1- 3 |  4- 6 || total
-------------------------+-------+-------++-------
Melee: Hand axe          |    13 |    28 ||    41
Invok: Berserk           |     1 |     2 ||     3
       Trog's Hand       |       |     1 ||     1
  Use: Potion            |       |     1 ||     1
